 Dungeon Crawl Stone Soup version 0.20-a0-809-gaf7f668 (webtiles) character file.

598 Gorglomux the Insei (level 7, -19/46 HPs)
             Began as an Octopode Transmuter on Mar 4, 2017.
             Was a Follower of Cheibriados.
             Demolished by a two-headed ogre
             ... wielding a +0 dire flail
              (33 damage)
             ... on level 4 of the Dungeon.
             The game lasted 00:09:28 (4281 turns).

Gorglomux the Insei (Octopode Transmuter)           Turns: 4281, Time: 00:09:33

Health: -19/46     AC:  1    Str: 12    XL:     7   Next: 40%
Magic:  0/11       EV: 15    Int: 20    God:    Cheibriados [*.....]
Gold:   319        SH:  0    Dex: 16    Spells: 6/12 levels left

rFire    . . .     SeeInvis .     - Unarmed
rCold    . . .     Gourm    .   (no shield)
rNeg     . . .     Faith    +   (helmet restricted)
rPois    .         Spirit   .   r - amulet of faith
rElec    .         Reflect  .   x - ring of stealth
rCorr    .         Harm     .   (no ring)
MR       .....                  (no ring)
Stlth    ++++......             (no ring)
Regen    0.2/turn               (no ring)
MPRegen  0.2/turn               (no ring)
                                (no ring)
                                (no ring)

@: appendage, very slow
A: almost no armour, stealthy swim, amphibious, 8 rings, constrict 8, tentacle
spike 3, camouflage 1, gelatinous body 1
a: End Transformation, Bend Time, Renounce Religion


You were on level 4 of the Dungeon.
You worshipped Cheibriados.
Cheibriados was aware of your devotion.
You were hungry.
One of your tentacles had a temporary spike.
You visited 1 branch of the dungeon, and saw 4 of its levels.

You collected 319 gold pieces.

Inventory:

Missiles
 a - 136 arrows
Jewellery
 r - an amulet of faith (around mantle)
 t - a cursed amulet of inaccuracy {unknown}
 x - a ring of stealth (left tentacle)
Scrolls
 h - 2 scrolls of magic mapping {unknown}
 j - a scroll of amnesia {unknown}
 l - a scroll of teleportation {unknown}
 m - a scroll of remove curse {unknown}
 R - 3 scrolls of identify
 T - a scroll of enchant weapon {unknown}
 U - a scroll of enchant armour {unknown}
 W - a scroll of immolation {unknown}
Potions
 d - a potion of might
 e - 4 potions of heal wounds
 i - a potion of flight {unknown}
 o - 3 potions of lignification {unknown}
 p - 2 potions of curing
 s - 3 potions of ambrosia {unknown}
 u - a potion of brilliance {unknown}
 V - a potion of mutation {unknown}
 Y - a potion of haste {unknown}
Books
 b - a book of Changes

   Spells                             Type                      Level
   a - Beastly Appendage              Transmutation                1
   b - Sticks to Snakes               Transmutation                2
   c - Spider Form                    Transmutation/Poison         3
   d - Ice Form                       Ice/Transmutation            4
   e - Blade Hands                    Transmutation                5
Comestibles
 c - 3 bread rations
 q - 3 meat rations
 w - 3 royal jellies
 X - 2 chunks of flesh


   Skills:
 - Level 3.1 Fighting
 - Level 4.0 Dodging
 + Level 2.7 Stealth
 + Level 4.3 Unarmed Combat
 - Level 3.0 Spellcasting
 + Level 3.6 Transmutations
 - Level 2.5 Poison Magic


You had 6 spell levels left.
You knew the following spells:

 Your Spells              Type           Power        Failure   Level  Hunger
a - Beastly Appendage     Tmut           ###...       3%          1    None
b - Sticks to Snakes      Tmut           ###.....     6%          2    ##.....
c - Spider Form           Tmut/Pois      ###.......   14%         3    ###....


Dungeon Overview and Level Annotations

Branches:
Dungeon (4/15)
 Temple: D:4-7

Altars:
Cheibriados
Elyvilon
Gozag
Kikubaaqudgha
Xom


Innate Abilities, Weirdness & Mutations

You cannot wear most types of armour.
You are very stealthy in the water. (Stealth+)
You are amphibious.
You can wear up to eight rings at the same time.
You can use your tentacles to constrict eight enemies at once.
Your skin changes colour to match your surroundings (Stealth+).
Your rubbery body absorbs attacks. (AC +1, EV +1)
One of your tentacles bears a large vicious spike.


Message History

You swap places.
Your ball python bites the two-headed ogre but does no damage.
The two-headed ogre hits your ball python with a dire flail!!
Your ball python dies!
Casting: Sticks to Snakes
Confirm with . or Enter, or press ? or * to list all spells.
You create a snake!
You now have 136 arrows.
The two-headed ogre closely misses you.
The two-headed ogre completely misses you.
Casting: Sticks to Snakes
Confirm with . or Enter, or press ? or * to list all spells.
One of your tentacles grows a vicious spike.
Your ball python bites the two-headed ogre but does no damage.
You tentacle-slap the two-headed ogre.
The two-headed ogre is heavily wounded.
The two-headed ogre hits you with a dire flail!
* * * LOW HITPOINT WARNING * * *
The two-headed ogre hits you with a giant club!!
Ouch! That really hurt!
You die...

...........#..#
##+###.######.## #.#
#.# ##..###### ##.###.#
#..>...... .#.....###
#.......##
.#.###...###.......#
....#....'...........
.#.##....##############
.#.##....# #...@OS...#
.#.##.#### #.#######.#
.#.##.# #.# #.# ##.##.#
##.#######.# #.##.#
#<......##.# ##.##.#
##.####.##.# [..##.#
#....# #.# #####.#
####.# #.#
#.##########.# ...


You could see a two-headed ogre and a friendly ball python.

Vanquished Creatures
  The ghost of Gorglomux the Sneak, an amateur OpTm of Ashenzari (D:3)
  Crazy Yiuf (D:4)
  2 orc priests (D:3)
  Ijyb (D:2)
  A bullfrog skeleton (D:4)
  Jessica (D:2)
  An iguana (D:4)
  Terence (D:2)
  4 worker ants (D:4)
  Natasha (twice) (D:2)
  3 adders
  2 oozes
  An adder skeleton (D:4)
  2 worms
  6 dart slugs
  17 orcs
  2 ball pythons (D:2)
  4 bats
  3 giant cockroaches
  6 goblins
  10 hobgoblins
  4 jackals (D:2)
  3 kobolds (D:1)
  6 frilled lizards
  6 rats
90 creatures vanquished.

Notes
Turn   | Place    | Note
-------+----------+-------------------------------------------
     0 | D:1      | Gorglomux the Octopode Transmuter began the quest for the Orb.
     0 | D:1      | Reached XP level 1. HP: 13/13 MP: 3/3
   363 | D:1      | Reached XP level 2. HP: 3/18 MP: 3/5
   367 | D:1      | Learned a level 2 spell: Sticks to Snakes
  1177 | D:1      | Reached XP level 3. HP: 16/23 MP: 6/6
  1223 | D:2      | Found a shimmering altar of Xom.
  1224 | D:2      | Found an opulent altar of Gozag.
  1224 | D:2      | Found an ancient bone altar of Kikubaaqudgha.
  1228 | D:2      | Found a white marble altar of Elyvilon.
  1241 | D:2      | Became a worshipper of Elyvilon the Healer
  1257 | D:2      | Noticed Jessica
  1266 | D:2      | Killed Jessica
  1266 | D:2      | Reached skill level 3 in Transmutations
  1641 | D:2      | Learned a level 3 spell: Spider Form
  1675 | D:2      | Reached skill level 1 in Poison Magic
  1675 | D:2      | Reached XP level 4. HP: 25/28 MP: 7/7
  1727 | D:2      | Noticed Ijyb
  1736 | D:2      | Killed Ijyb
  1776 | D:2      | Noticed Natasha
  1783 | D:2      | Killed Natasha
  1943 | D:2      | Noticed Natasha
  1955 | D:2      | Reached XP level 5. HP: 24/33 MP: 5/8
  1959 | D:2      | Killed Natasha
  2034 | D:2      | Reached skill level 3 in Spellcasting
  2209 | D:2      | Noticed Terence
  2224 | D:2      | Killed Terence
  2664 | D:3      | Noticed Gorglomux's ghost (amateur OpTm)
  2687 | D:3      | Killed Gorglomux's ghost
  2687 | D:3      | Reached skill level 3 in Dodging
  2687 | D:3      | Reached XP level 6. HP: 27/41 MP: 3/10
  2806 | D:3      | Found a snail-covered altar of Cheibriados.
  2847 | D:3      | Fell from the grace of Elyvilon
  2847 | D:3      | Became a worshipper of Cheibriados the Contemplative
  3148 | D:3      | Reached skill level 3 in Fighting
  3549 | D:4      | Reached XP level 7. HP: 25/46 MP: 8/11
  3803 | D:4      | Reached * piety under Cheibriados
  3805 | D:4      | Reached skill level 1 in Stealth
  3864 | D:4      | Found a runed door.
  3868 | D:4      | Noticed Crazy Yiuf
  3878 | D:4      | Killed Crazy Yiuf
  4263 | D:4      | Noticed a two-headed ogre
  4281 | D:4      | Demolished by a two-headed ogre

Vault maps used:
D:1:      ncdulo_halloftheorcs, minmay_pentomino_p4
D:2:      chequers_temple_overflow_statue_of_worship, minmay_small_reverse_x,
          uniq_terence, uniq_jessica, uniq_iyjb, uniq_natasha
D:3:      cheibriados_altar_1, guppyfry_early_orc_mine
D:4:      first_bread, uniq_crazy_yiuf_cottage

Skill      XL: |  1  2  3  4  5  6  7 |
---------------+----------------------+-----
Unarmed Combat | 4 |  4.3
Transmutations | 3 |  3.6
Poison Magic   | 1 2 |  2.5
Spellcasting   | 3 |  3.0
Fighting       | 2 3 |  3.1
Dodging        | 3 4 |  4.0
Stealth        | 2 |  2.7

Action                   |  1- 3 |  4- 6 |  7- 9 || total
-------------------------+-------+-------+-------++-------
Melee: Unarmed           |    70 |   133 |    55 ||   258
       Constrict         |    18 |    29 |     2 ||    49
       Kick              |    13 |    35 |     1 ||    49
       Tentacles         |     6 |    17 |       ||    23
       Punch             |     1 |     2 |     2 ||     5
 Cast: Beastly Appendage |    14 |    21 |     2 ||    37
       Sticks to Snakes  |       |     5 |     4 ||     9
       Spider Form       |       |     4 |    12 ||    16
  Use: Scroll            |       |     1 |       ||     1
       Potion            |       |     1 |       ||     1
 Stab: Sleeping          |     3 |    11 |     2 ||    16
  Eat: Chunk             |     2 |     8 |     2 ||    12
Armor: Skin              |     5 |     3 |     1 ||     9
Dodge: Dodged            |    41 |    74 |    47 ||   162
